 Dungeon Crawl Stone Soup version 0.23.2 (webtiles) character file.

Game seed: 9981457779343638803

9335 Borgoz the Slicer (level 11, 0/66 HPs)
             Began as a Gargoyle Gladiator on Apr 9, 2019.
             Was a Believer of Ashenzari.
             Splashed by a brown ugly thing's acid (9 damage)
             ... on level 11 of the Dungeon.
             The game lasted 00:20:13 (11591 turns).

Borgoz the Slicer (Gargoyle Gladiator)             Turns: 11591, Time: 00:20:14

Health: 0/66       AC: 19    Str: 20      XL:     11   Next: 44%
Magic:  18/18      EV: 18    Int: 12      God:    Ashenzari [**....]
Gold:   624        SH:  0    Dex: 13 (14) Spells: 15/19 levels left

rFire    + . .     SeeInvis .   a - +6 rapier of Sugink {pierce, rElec Str+3}
rCold    + . .     Gourm    .   (no shield)
rNeg     + . .     Faith    .   y - +3 leather armour
rPois    ∞         Spirit   .   g - +0 helmet of Perfidy {Stlth+} (curse)
rElec    +         Reflect  .   k - scarf {rC+ rF+}
rCorr    .         Harm     .   t - +2 pair of gloves
MR       .....                  (no boots)
Stlth    ++++......             (no amulet)
HPRegen  0.21/turn              p - +2 ring of intelligence
MPRegen  0.16/turn              v - +2 ring of evasion

@: no status effects
A: negative energy resistance 1, electricity resistance, unbreathing,
petrification resistance, rot immunity, AC +8
a: Curse Item, Scrying, Renounce Religion


You were on level 11 of the Dungeon.
You worshipped Ashenzari.
Ashenzari was pleased with you.
You were very hungry.

You visited 2 branches of the dungeon, and saw 12 of its levels.
You also visited: Sewer.

You collected 624 gold pieces.

Inventory:

Hand Weapons
 a - the +6 rapier of Sugink (weapon) {pierce, rElec Str+3}
   (You found it on level 7 of the Dungeon)

   It inflicts extra damage upon your enemies.
   It affects your strength (+3).
   It insulates you from electricity.
 b - a +1 rapier of speed
Missiles
 d - 3 throwing nets (quivered)
Armour
 g - the cursed +0 helmet of Perfidy (worn) {Stlth+}
   (You took it off Robin on level 2 of the Dungeon)

   It makes you more stealthy.
   It has a curse placed upon it.
 k - a scarf of resistance (worn)
 t - a +2 pair of gloves (worn)
 y - a +3 leather armour (worn)
Jewellery
 p - a +2 ring of intelligence (left hand)
 v - a +2 ring of evasion (right hand)
 H - an uncursed ring of ice
Wands
 n - a wand of paralysis (4)
 u - a wand of disintegration (13)
 B - a wand of polymorph (9)
Scrolls
 e - a scroll of magic mapping
 i - 6 scrolls of teleportation
 o - 4 scrolls of amnesia
 w - a scroll of vulnerability {unknown}
 A - 2 scrolls of random uselessness
 C - 2 scrolls of remove curse
 F - a scroll of blinking
 J - a scroll of enchant weapon
Potions
 j - 2 potions of mutation
 l - 5 potions of magic
 m - 4 potions of flight
 q - 2 potions of brilliance
 r - 2 potions of might
 s - 3 potions of curing
 E - a potion of resistance
 G - a potion of agility
Comestibles
 f - 17 rations


   Skills:
 + Level 6.8 Fighting
 * Level 8.3 Short Blades
 - Level 1.7 Throwing
 + Level 6.3 Armour
 * Level 7.5 Dodging
 + Level 7.1 Stealth
 + Level 4.8 Spellcasting
 + Level 4.8 Evocations


You had 15 spell levels left.
You knew the following spells:

 Your Spells              Type           Power        Failure   Level  Hunger
a - Confusing Touch       Hex            #.....       24%         1    None
b - Confuse               Hex            #.......     56%         3    ###....

Your spell library contained the following spells:

 Spells                   Type           Power        Failure   Level  Hunger
 Magic Dart               Conj           #...         24%         1    None
 Searing Ray              Conj           #.....       34%         2    ##.....
 Dazzling Spray           Conj/Hex       #.....       56%         3    ###....
 Gell's Gravitas          Tloc           #.........   56%         3    ###....
 Static Discharge         Conj/Air       #.......     56%         3    ###....
 Force Lance              Conj/Tloc      #.......     93%         4    ####...
 Fulminant Prism          Conj/Hex       #.........   93%         4    ####...
 Iskenderun's Mystic Bla  Conj           #.......     93%         4    ####...
 Petrify                  Tmut/Erth      #.......     93%         4    ####...
 Lightning Bolt           Conj/Air       #.........   100%        5    ######.
 Metabolic Englaciation   Hex/Ice        #.........   100%        5    ######.
 Yara's Violent Unravell  Hex/Tmut       #.........   100%        5    ######.
 Ignition                 Fire           #.........   100%        8    #######
 Shatter                  Erth           #.........   100%        9    #######
 Tornado                  Air            #.........   100%        9    #######


Dungeon Overview and Level Annotations

Branches:
Dungeon (11/15)            Temple (1/1) D:5            Lair (0/6) D:11
    Orc (0/2) D:10

Altars:
Ashenzari
Cheibriados
Dithmenos
Elyvilon
Fedhas
Gozag
Hepliaklqana
Kikubaaqudgha
Makhleb
Nemelex Xobeh
Okawaru
Qazlal
Ru
Sif Muna
Trog
Uskayaw
Vehumet
Wu Jian
Xom
Yredelemnul
Zin
The Shining One

Annotations:
D:9 1 runed translucent door, Jaiteiro's ghost, novice GnFi
D:10 3 runed translucent doors


Innate Abilities, Weirdness & Mutations

You are resistant to torment.
Your stone body is resilient. (AC +8)
You are immune to poison.
You resist negative energy. (rN+)
You are resistant to electric shocks. (rElec)
You can survive without breathing.
You are immune to petrification.
You are immune to rotting.


Message History

* * * LOW HITPOINT WARNING * * *
The quasit misses you.
The brown ugly thing bites you but does no damage.
The quasit barely misses you. The quasit completely misses you.
The quasit claws you but does no damage.
The quasit misses you. The quasit completely misses you. The quasit claws you.
* * * LOW HITPOINT WARNING * * *
You feel clumsy.
You are no longer corroded.
Okay, then.
You open the door. The quasit closely misses you.
The quasit claws you but does no damage.
The quasit closely misses you.
There is an open door here.
There is a stone staircase leading down here.
You see here 5 arrows.
The brown ugly thing bites you!
* * * LOW HITPOINT WARNING * * *
You are splashed with acid!
You die...

#..##.# ##o##.# #..#.# ##.#.#
#...# ##..# # #..# #
#..################## #
#..H(5.u@(...(.)().<#
#########...#################
'.........>.# ###########.# #
#.# # ######.# #......#
#......#### #......'..#


You could see a brown ugly thing, a hippogriff and a quasit.

Vanquished Creatures
  A two-headed ogre (D:8)
  An oklob plant (D:11)
  3 hippogriffs
  4 slime creatures (D:9)
  Sigmund (D:3)
  9 yaks
  A hungry ghost (D:8)
  2 water moccasins
  4 orc warriors
  5 ice beasts
  A sky beast (D:5)
  A necrophage (D:4)
  5 ogres
  3 centaurs
  3 big kobolds
  3 bullfrogs
  2 scorpions
  A wyvern skeleton (D:9)
  13 killer bees
  A howler monkey (D:7)
  3 wights (D:6)
  2 jellies (D:8)
  12 crimson imps
  3 bullfrog zombies
  6 hounds
  A quasit (D:7)
  10 orc priests
  9 orc wizards
  A gnoll shaman (D:5)
  Jessica (D:2)
  2 iguanas
  7 worker ants
  Natasha (thrice) (D:2)
  A hound skeleton (D:8)
  2 hound zombies
  Robin (D:2)
  A howler monkey skeleton (D:7)
  20 adders
  6 gnolls
  2 river rats (Sewer)
  2 shadow imps (D:7)
  2 oozes
  11 worms
  3 dart slugs
  8 leopard geckos
  28 orcs
  5 giant cockroaches
  24 goblins
  4 hobgoblins
  4 jackals (D:3)
  3 quokkas
  A ball python (Sewer)
  A ball python skeleton (D:4)
  9 bats
  3 frilled lizards
  A jackal skeleton (D:4)
  16 kobolds
  12 rats
  A bush (D:2)
  2 plants (D:11)
297 creatures vanquished.

Vanquished Creatures (others)
  A plant (D:2)
1 creature vanquished.

Grand Total: 298 creatures vanquished

Notes
Turn   | Place    | Note
-------+----------+-------------------------------------------
     0 | D:1      | Borgoz the Gargoyle Gladiator began the quest for the Orb.
     0 | D:1      | Reached XP level 1. HP: 12/12 MP: 1/1
   319 | D:1      | Reached XP level 2. HP: 18/18 MP: 2/2
   480 | D:1      | Reached skill level 3 in Short Blades
   797 | D:1      | Reached XP level 3. HP: 22/22 MP: 3/3
   891 | D:2      | Reached skill level 1 in Stealth
   905 | D:2      | Found an ornate altar of the Wu Jian Council.
  1004 | D:2      | Reached skill level 1 in Armour
  1004 | D:2      | Reached XP level 4. HP: 15/27 MP: 4/4
  1269 | D:2      | Identified the cursed +0 helmet of Perfidy {Stlth+}
  1269 | D:2      | Noticed Robin
  1321 | D:2      | Killed Robin
  1321 | D:2      | Reached XP level 5. HP: 18/32 MP: 5/5
  1515 | D:2      | Noticed Natasha
  1525 | D:2      | Killed Natasha
  1531 | D:2      | Noticed Jessica
  1539 | D:2      | Killed Jessica
  1890 | D:2      | Noticed Natasha
  1923 | D:2      | Killed Natasha
  1923 | D:2      | Reached XP level 6. HP: 37/37 MP: 6/6
  2079 | D:2      | Reached skill level 4 in Short Blades
  2274 | D:2      | Noticed Natasha
  2290 | D:2      | Killed Natasha
  2644 | D:3      | Found a glowing drain.
  2649 | Sewer    | Entered a sewer
  2809 | Sewer    | Reached XP level 7. HP: 41/41 MP: 7/7
  2982 | Sewer    | Reached skill level 1 in Spellcasting
  2982 | Sewer    | Reached skill level 1 in Evocations
  3208 | D:3      | Noticed Sigmund
  3217 | D:3      | Killed Sigmund
  3777 | D:4      | Reached XP level 8. HP: 45/48 MP: 10/10
  3828 | D:4      | Reached skill level 5 in Short Blades
  3839 | D:4      | Found a radiant altar of Vehumet.
  4307 | D:5      | Entered Level 5 of the Dungeon
  4721 | D:5      | Found a staircase to the Ecumenical Temple.
  4768 | Temple   | Entered the Ecumenical Temple
  4822 | Temple   | Became a worshipper of Ashenzari the Shackled
  5041 | D:5      | Reached skill level 5 in Dodging
  5350 | D:6      | Reached XP level 9. HP: 36/52 MP: 12/12
  5877 | D:6      | Found a sparkling altar of Nemelex Xobeh.
  6412 | D:7      | Got the rapier of Sugink {pierce, rElec Str+3}
  6426 | D:7      | Identified the +6 rapier of Sugink {pierce, rElec Str+3}
                  | (You found it on level 7 of the Dungeon)
  6584 | D:7      | Reached skill level 6 in Short Blades
  6781 | D:7      | Reached skill level 5 in Fighting
  7014 | D:7      | Reached skill level 5 in Stealth
  7733 | D:8      | Reached XP level 10. HP: 38/59 MP: 15/15
  7843 | D:8      | Reached * piety under Ashenzari
  7861 | D:8      | Noticed a two-headed ogre
  7862 | D:8      | Found a bloodstained altar of Trog.
  7874 | D:8      | Killed a two-headed ogre
  7874 | D:8      | Reached skill level 7 in Short Blades
  7874 | D:8      | Reached skill level 5 in Armour
  8173 | D:8      | Found a shimmering altar of Xom.
  8227 | D:8      | Found a glowing silver altar of Zin.
  8866 | D:9      | Found a runed translucent door.
  8903 | D:9      | Found a basalt altar of Yredelemnul.
  9054 | D:9      | Learned a level 1 spell: Confusing Touch
  9058 | D:9      | Learned a level 3 spell: Confuse
  9410 | D:9      | Found a sacrificial altar of Ru.
  9411 | D:9      | Found a hazy altar of Hepliaklqana.
  9527 | D:9      | Reached XP level 11. HP: 44/66 MP: 17/17
  9697 | D:9      | Noticed Jaiteiro's ghost (novice GnFi)
  9774 | D:10     | Entered Level 10 of the Dungeon
  9868 | D:10     | Reached skill level 8 in Short Blades
  9942 | D:10     | Found a staircase to the Orcish Mines.
  9990 | D:10     | Found a runed translucent gate.
  9990 | D:10     | Found a runed translucent gate.
  9990 | D:10     | Found a runed translucent gate.
  9991 | D:10     | Noticed a cyan ugly thing
  9993 | D:10     | Noticed a brown ugly thing
  9993 | D:10     | Noticed a purple ugly thing
  9994 | D:10     | Noticed a purple ugly thing
 11159 | D:11     | Reached ** piety under Ashenzari
 11185 | D:11     | Found a staircase to the Lair.
 11185 | D:11     | Noticed an oklob plant
 11363 | D:11     | Killed an oklob plant
 11517 | D:11     | Noticed a brown ugly thing
 11591 | D:11     | Splashed by a brown ugly thing's acid

Skill      XL: |  1  2  3  4  5  6  7  8  9 10 11 |
---------------+----------------------------------+-----
Short Blades   | 3 4 5 6 7 8 |  8.3
Stealth        | 1 2 3 4 5 6 7 |  7.1
Armour         | 1 2 3 4 5 6 |  6.3
Dodging        | 3 4 5 6 7 |  7.5
Fighting       | 3 4 5 6 |  6.8
Spellcasting   | 1 2 3 4 |  4.8
Evocations     | 1 2 3 4 |  4.8
Throwing       | |  1.7

Action                   |  1- 3 |  4- 6 |  7- 9 | 10-12 || total
-------------------------+-------+-------+-------+-------++-------
Melee: Rapier            |    76 |   370 |   506 |   382 ||  1334
Throw: Throwing net      |       |       |       |     1 ||     1
 Cast: Confusing Touch   |       |       |       |     1 ||     1
  Use: Potion            |       |     1 |     5 |     4 ||    10
       Scroll            |       |     6 |     7 |     5 ||    18
 Stab: Sleeping          |       |     6 |    33 |     8 ||    47
       Distracted        |       |       |     2 |       ||     2
       Held in net/web   |       |       |       |     1 ||     1
       Confused          |       |       |       |     1 ||     1
  Eat: Chunk             |       |     7 |    13 |     8 ||    28
       Ration            |       |       |     1 |     1 ||     2
Armor: Leather armour    |    29 |    91 |   135 |   136 ||   391
Dodge: Dodged            |    49 |   154 |   268 |   339 ||   810
